 Dungeon Crawl Stone Soup version 0.20-a0-270-g8e735b6 (webtiles) character file.

56 Goblin1989 the Cudgeler (level 3, -3/23 HPs)
             Began as a Gargoyle Monk on Dec 10, 2016.
             Was a Follower of Ru.
             Slain by a gnoll
             ... wielding a +0 flail
              (5 damage)
             ... on level 3 of the Dungeon.
             The game lasted 00:04:54 (1316 turns).

Goblin1989 the Cudgeler (Gargoyle Monk)             Turns: 1316, Time: 00:04:55

Health: -3/23      AC: 10    Str: 15    XL:     3   Next: 95%
Magic:  3/3        EV: 11    Int: 11    God:    Ru [*.....]
Gold:   136        SH:  0    Dex: 12    Spells: 2/2 levels left

rFire  . . .     SeeInvis +     a - +0 mace
rCold  . . .     Gourm    .     n - +0 ring mail
rNeg   + . .     Faith    .     (no shield)
rPois  ∞         Spirit   .     (no helmet)
rElec  +         Reflect  .     (no cloak)
rCorr  .         Harm     .     e - +0 pair of gloves
MR     .....                    j - +0 pair of boots
Stlth  +.........               (no amulet)
                                (no ring)
                                s - ring of see invisible

@: no status effects
A: negative energy resistance 1, electricity resistance, unbreathing,
petrification resistance, rot immunity, inexperienced 1, AC +3
a: Renounce Religion


You were on level 3 of the Dungeon.
You worshipped Ru.
Ru was aware of your devotion.
You were not hungry.

You visited 1 branch of the dungeon, and saw 3 of its levels.

You collected 136 gold pieces.

Inventory:

Hand Weapons
 a - a +0 mace (weapon)
Armour
 e - a +0 pair of gloves (worn)
 j - a +0 pair of boots (worn)
 n - a +0 ring mail (worn)
Jewellery
 s - a ring of see invisible (left hand)
Scrolls
 d - a scroll of remove curse {unknown}
 f - a scroll of immolation {unknown}
 i - 5 scrolls of magic mapping {unknown}
 l - a scroll of blinking {unknown}
 m - a scroll of enchant armour {unknown}
 o - a scroll of identify {unknown}
 q - a scroll of random uselessness {unknown}
Potions
 b - a potion of cure mutation {unknown}
 p - a potion of might {unknown}
Comestibles
 c - 4 bread rations {@e1}
 g - 3 fruits
 h - 4 chunks of flesh {@w0}
 k - a meat ration {@e2}


   Skills:
 - Level 3.2 Fighting
 + Level 5.7 Maces & Flails
 - Level 2.4 Dodging
 - Level 2.1 Stealth


You had 2 spell levels left.
You didn't know any spells.

Dungeon Overview and Level Annotations

Branches:
Dungeon (3/15)

Altars:
Ru


Innate Abilities, Weirdness & Mutations

You are resistant to torment.
Your stone body is resilient. (AC +3)
You are immune to poison.
You resist negative energy. (rN+)
You are resistant to electric shocks. (rElec)
You can survive without breathing.
You are immune to petrification.
You are immune to rotting.
You are somewhat inexperienced. (-2 XL)


Message History

You hit the gnoll but do no damage. The gnoll closely misses you.
You hit the gnoll.
The gnoll is lightly wounded.
The gnoll hits you from afar with a spear.
The gnoll hits you with a flail.
* * * LOW HITPOINT WARNING * * *
You take 7 damage, and have 5/23 hp.
MASSIVE DAMAGE!!
You barely miss the gnoll.
The gnoll is lightly wounded.
The gnoll barely misses you.
You hit the gnoll but do no damage.
The gnoll is lightly wounded.
The gnoll hits you but does no damage.
The gnoll hits you from afar with a spear.
* * * LOW HITPOINT WARNING * * *
You take 3 damage, and have 2/23 hp.
You closely miss the gnoll.
The gnoll is lightly wounded.
The gnoll hits you with a flail.
You die...

█.....█ █.......█
█.....█████.......█
█.................█
█████.............█
█.█████.......█ ██
██ █.█ █.......████
. .█ ..█
██.......... .█.█
██.█ █.█..█████ ...
█.█ █@█.<█ █.█ █.
█g█..████████.████
█g█....[..........
█g█.....█████.████
█.█.███.█ █.█ █.█.█
█.█████.█
█.█.███.█.....█
█.█..>..█.█████
█.██...██.█


You could see 3 gnolls.

Vanquished Creatures
  An orc wizard (D:2)
  5 adders
  A worm (D:2)
  2 dart slugs
  A leopard gecko (D:3)
  5 giant cockroaches
  6 goblins
  A hobgoblin (D:2)
  8 jackals
  3 quokkas
  11 bats
  2 frilled lizards
  5 kobolds
  4 rats
55 creatures vanquished.

Notes
Turn   | Place    | Note
-------+----------+-------------------------------------------
     0 | D:1      | Goblin1989 the Gargoyle Monk began the quest for the Orb.
     0 | D:1      | Reached XP level 1. HP: 14/14 MP: 1/1
   127 | D:1      | Reached XP level 2. HP: 19/19 MP: 2/2
   467 | D:1      | Reached skill level 4 in Maces & Flails
   706 | D:2      | Reached XP level 3. HP: 23/23 MP: 3/3
   880 | D:2      | Found a sacrificial altar of Ru.
   889 | D:2      | Reached XP level 4. HP: 16/28 MP: 4/4
   918 | D:2      | Reached skill level 5 in Maces & Flails
   941 | D:2      | Became a worshipper of Ru the Awakened
   953 | D:2      | Gained mutation: You are somewhat inexperienced. (-2 XL) [Ru sacrifice]
   953 | D:2      | Reached XP level 3. HP: 12/23 MP: 3/3
   953 | D:2      | Reached XP level 2. HP: 12/19 MP: 2/2
   953 | D:2      | Reached * piety under Ru
   973 | D:2      | Reached XP level 3. HP: 14/23 MP: 3/3
  1316 | D:3      | Slain by a gnoll

Vault maps used:
D:1:      lordsloth_arrival_two_stooges
D:2:      nicolae_ru_great_annihilating_truth, uniq_sigmund
D:3:      kennysheep_big_flooded_room, st_stairs_7, minmay_misc_feat_hallway

Skill      XL: |  1  2  3  4 |
---------------+-------------+-----
Maces & Flails | 4 5 |  5.7
Fighting       | |  3.2
Dodging        | |  2.4
Stealth        | |  2.1

Action                   |  1- 3 |  4- 6 || total
-------------------------+-------+-------++-------
Melee: Mace              |   194 |    38 ||   232
Invok: Sacrifice Experie |     1 |       ||     1
 Stab: Sleeping          |     3 |       ||     3
  Eat: Chunk             |     1 |     1 ||     2
Armor: Robe              |    23 |       ||    23
       Ring mail         |    89 |    23 ||   112
Dodge: Dodged            |   154 |    13 ||   167

Vault maps used:
D:1:      lordsloth_arrival_two_stooges
D:2:      nicolae_ru_great_annihilating_truth, uniq_sigmund
D:3:      kennysheep_big_flooded_room, st_stairs_7, minmay_misc_feat_hallway
